[Event "Titled Tuesday Blitz April 25 Early 2023"]
[White "KorolDimitriy75"]
[Black "Postnikov, Daniil"]
[BlackFideId "4166329"]
[WhiteElo "2436"]
[BlackElo "2261"]
[Result "1/2-1/2"]
[Round "08"]
[TimeControl "180+2"]
[Date "2023.04.25"]
[WhiteClock "0:00:05"]
[BlackClock "0:00:07"]

1. d4 f5 2. c4 Nf6 3. Nc3 g6 4. g3 Bg7 5. Bg2 O-O 6. Nf3 d6 7. O-O Qe8 8. d5 Na6 9. Nd4 Nc5 10. Rb1 e5 11. dxe6 c6 12. b3 Nxe6 13. Nxe6 Qxe6 14. Ba3 Rd8 15. Qc2 f4 16. Rfd1 Qe5 17. Rbc1 Bf5 18. Qd2 fxg3 19. hxg3 Ng4 20. Bxd6 Qf6 21. e4 Be6 22. c5 g5 23. Qe2 Qh6 24. e5 Qh2+ 25. Kf1 Rf8 26. Ne4 Nxf2 27. Nxf2 Bh3 28. Qe4 Rf5 29. Rc2 Qh1+ 30. Ke2 Qxg2 31. Qxg2 Bxg2 32. Ke3 Re8 33. Nd3 Rf3+ 34. Kd4 Rxg3 35. Re1 Bd5 36. Rce2 h6 37. Re3 Rxe3 38. Rxe3 h5 39. Nb4 Be6 40. Nd3 g4 41. Nf4 Bh6 42. Re4 Bxf4 43. Rxf4 Kg7 44. Ke4 h4 45. Rf6 g3 46. Kf4 Bd5 47. Kg5 g2 48. Rg6+ Kf7 49. Rf6+ Kg7 50. Rg6+ Kh7 51. Rh6+ Kg7 52. Rg6+ 1/2-1/2


[Site "https://www.chess.com"]

[Event "Titled Tuesday Blitz April 25 Early 2023"]
[White "Kuzmin, Roman"]
[Black "Prudnykova, Olga"]
[WhiteFideId "44134932"]
[BlackFideId "14121093"]
[WhiteElo "2192"]
[BlackElo "2113"]
[Result "1-0"]
[Round "08"]
[TimeControl "180+2"]
[Date "2023.04.25"]
[WhiteClock "0:00:19"]
[BlackClock "0:00:30"]

1. e4 c5 2. Nf3 Nf6 3. e5 Nd5 4. Nc3 e6 5. Nxd5 exd5 6. d4 Nc6 7. dxc5 Bxc5 8. Qxd5 Qb6 9. Bc4 Bxf2+ 10. Ke2 O-O 11. Rf1 Bc5 12. Ng5 Nxe5 13. Nxf7 Nxf7 14. Rxf7 Qe6+ 15. Qxe6 dxe6 16. Rxf8+ Kxf8 17. Bg5 Bd7 18. Rf1+ Ke8 19. Bd3 g6 20. c3 Be7 21. Be3 b6 22. Be4 Rd8 23. b3 Bd6 24. g3 Bf8 25. h4 Bd6 26. h5 gxh5 27. Bxh7 Rc8 28. Bg5 Be7 29. Bg6+ Kd8 30. Rf8+ Kc7 31. Rxc8+ 1-0


[Site "https://www.chess.com"]

[Event "Titled Tuesday Blitz April 25 Early 2023"]
[White "Kubicka, Anna"]
[Black "Rosenberg, Evan S"]
[WhiteFideId "1152254"]
[BlackFideId "2019299"]
[WhiteElo "2144"]
[BlackElo "2301"]
[Result "1-0"]
[Round "08"]
[TimeControl "180+2"]
[Date "2023.04.25"]
[WhiteClock "0:01:00"]
[BlackClock "0:00:04"]

1. e4 e5 2. Nf3 Nc6 3. Bb5 Nf6 4. d3 Ne7 5. c4 c6 6. Ba4 d6 7. O-O Ng6 8. Nc3 Be7 9. d4 O-O 10. h3 Qc7 11. Be3 Rd8 12. Rc1 Qb8 13. Qc2 Be6 14. d5 Bd7 15. Rfd1 c5 16. a3 Nh5 17. Bxd7 Rxd7 18. b4 b6 19. bxc5 bxc5 20. Rb1 Qc8 21. Ne2 Rb8 22. Rd3 Rdb7 23. Rdb3 Rxb3 24. Rxb3 Rb6 25. Rxb6 axb6 26. Qa4 h6 27. Qa7 Bd8 28. Nd2 Qc7 29. Qxc7 Bxc7 30. Nb1 Nf6 31. Nbc3 Nf8 32. f3 Ne8 33. Nb5 Bb8 34. f4 Nd7 35. Kf2 Kf8 36. Kf3 Ke7 37. g3 Nc7 38. Nec3 Nxb5 39. Nxb5 f6 40. Kg4 g6 41. h4 h5+ 42. Kf3 exf4 43. Bxf4 Ne5+ 44. Bxe5 dxe5 45. g4 hxg4+ 46. Kxg4 Kd7 47. h5 f5+ 48. exf5 gxh5+ 49. Kxh5 e4 50. Kg4 e3 51. Kf3 Bf4 52. Nc3 Bg5 53. Ne4 Bh6 54. Nf6+ Kd6 55. Ng4 Bg7 56. Kxe3 Bb2 57. a4 Ba1 58. Ke4 Bb2 59. f6 Ba1 60. Kf5 Kd7 61. Kg6 Ke8 62. f7+ Kf8 63. Nf6 Bxf6 64. Kxf6 b5 65. cxb5 c4 66. b6 c3 67. b7 c2 68. b8=Q# 1-0


[Site "https://www.chess.com"]

[Event "Titled Tuesday Blitz April 25 Early 2023"]
[White "Goldin, Roman"]
[Black "Lorenzo De La Riva, Lazaro"]
[WhiteFideId "2803860"]
[BlackFideId "2268809"]
[WhiteElo "2312"]
[BlackElo "2294"]
[Result "1-0"]
[Round "08"]
[TimeControl "180+2"]
[Date "2023.04.25"]
[WhiteClock "0:00:04"]
[BlackClock "0:00:24"]

1. e4 Nf6 2. e5 Nd5 3. c4 Nb6 4. c5 Nd5 5. Bc4 e6 6. d4 d6 7. cxd6 cxd6 8. Nf3 Nc6 9. Qe2 Be7 10. O-O O-O 11. a3 Bd7 12. Re1 Qb6 13. Nc3 Nxc3 14. bxc3 dxe5 15. Nxe5 Nxe5 16. Qxe5 Bf6 17. Qe3 Rac8 18. Bd3 g6 19. Bd2 Qd6 20. a4 Bc6 21. a5 Bd5 22. Rab1 Rc7 23. c4 Bxc4 24. Bb4 Qd8 25. Bxf8 Bxd4 26. Qg3 Bxd3 27. Bd6 Rd7 28. Qxd3 Rxd6 29. Qf3 b6 30. a6 Kg7 31. g3 e5 32. Rbc1 Rf6 33. Qe4 Bxf2+ 34. Kh1 Bxe1 35. Rxe1 Re6 36. Rc1 Re7 37. Rc6 Qd4 38. Qf3 e4 39. Qf4 e3 40. Qxd4+ f6 41. Qf4 Rf7 42. Re6 g5 43. Qxe3 h6 44. Qe4 h5 45. Qf5 Rf8 46. Kg2 Rf7 47. Rd6 Re7 48. h4 Kf7 49. Kf3 g4+ 50. Kf4 Ke8 51. Re6 Kf7 52. Rxe7+ Kxe7 53. Ke4 1-0


[Site "https://www.chess.com"]

[Event "Titled Tuesday Blitz April 25 Early 2023"]
[White "Aung Thant Zin"]
[Black "Salman, Pavel"]
[WhiteFideId "13000063"]
[BlackFideId "24153753"]
[WhiteElo "2278"]
[BlackElo "2187"]
[Result "0-1"]
[Round "08"]
[TimeControl "180+2"]
[Date "2023.04.25"]
[WhiteClock "0:00:37"]
[BlackClock "0:01:28"]

1. e4 c5 2. Nf3 e6 3. d4 cxd4 4. Nxd4 a6 5. Nc3 Qc7 6. Bd3 Nc6 7. Be3 Nf6 8. O-O Bd6 9. h3 Be7 10. Kh1 d6 11. f4 Bd7 12. Nf3 b5 13. a3 Rc8 14. Qe1 Qb7 15. e5 dxe5 16. fxe5 Nh5 17. Be4 g6 18. Bh6 Rg8 19. g4 Ng7 20. Ng5 Nf5 21. gxf5 gxf5 22. h4 fxe4 23. Nxf7 e3 24. Kh2 Nxe5 25. Rg1 Nf3+ 0-1


[Site "https://www.chess.com"]

[Event "Titled Tuesday Blitz April 25 Early 2023"]
[White "Kvaloy, Aksel Bu"]
[Black "Omariev, Maksim"]
[WhiteFideId "1528815"]
[BlackFideId "4193423"]
[WhiteElo "2208"]
[BlackElo "2419"]
[Result "1-0"]
[Round "08"]
[TimeControl "180+2"]
[Date "2023.04.25"]
[WhiteClock "0:00:57"]
[BlackClock "0:00:01"]

1. e4 c5 2. Nf3 d6 3. d4 cxd4 4. Nxd4 Nf6 5. Nc3 a6 6. Bg5 Nbd7 7. Bc4 Qb6 8. Bb3 e6 9. Bxf6 Nxf6 10. Qd2 Be7 11. O-O-O O-O 12. f4 Nd7 13. g4 Nc5 14. Kb1 Bd7 15. g5 a5 16. a3 a4 17. Ba2 Rfe8 18. f5 Bf8 19. h4 Rac8 20. h5 e5 21. Nf3 Nb3 22. Qd5 Rc5 23. Bxb3 Rxd5 24. Bxd5 Bc6 25. g6 Bxd5 26. Nxd5 Qc6 27. f6 fxg6 28. hxg6 Rc8 29. c3 h6 30. f7+ Kh8 31. Ng5 Qc4 32. Rhe1 b5 33. Ne6 1-0


[Site "https://www.chess.com"]

[Event "Titled Tuesday Blitz April 25 Early 2023"]
[White "Harriott, Tyrell"]
[Black "Ibadov, Dashgyn"]
[WhiteFideId "2086484"]
[BlackFideId "24107514"]
[WhiteElo "2107"]
[BlackElo "2208"]
[Result "0-1"]
[Round "08"]
[TimeControl "180+2"]
[Date "2023.04.25"]
[WhiteClock "0:00:06"]
[BlackClock "0:00:05"]

1. d4 Nf6 2. e3 d5 3. Bd3 c6 4. f4 g6 5. Nf3 Bf5 6. O-O Nbd7 7. Nbd2 e6 8. b3 Bd6 9. Ne5 Bxd3 10. cxd3 Qe7 11. Ndf3 O-O-O 12. a3 Kb8 13. b4 h6 14. Qb3 g5 15. b5 c5 16. a4 gxf4 17. Nc6+ bxc6 18. bxc6+ Nb6 19. a5 Bc7 20. axb6 Bxb6 21. Ba3 Ka8 22. dxc5 Ba5 23. Bb2 Rb8 24. Qa2 Rhg8 25. Bxf6 Qxc5 26. Qb2 Rxb2 27. Bxb2 fxe3 28. Bd4 Qc2 29. g3 e2 30. Rfc1 e1=Q+ 31. Nxe1 Qd2 32. Nf3 Qxd3 33. Kg2 Qe2+ 34. Bf2 Bb6 35. Rf1 Rc8 36. Rae1 Qb2 37. Rb1 Qe2 38. Rbe1 Qb5 39. Rb1 Qxc6 40. Bxb6 axb6 41. Rfd1 f6 42. Rd2 Kb7 43. Nd4 Qc3 44. Rbd1 e5 45. Ne2 Qc4 46. Ng1 Qe4+ 47. Kf1 d4 48. Re2 Qd5 49. Rde1 d3 50. Rf2 e4 51. Rd1 e3 52. Rf4 e2+ 53. Nxe2 dxe2+ 54. Kxe2 Rc2+ 55. Ke1 Qe5+ 56. Kf1 Qe2+ 57. Kg1 Qg2# 0-1


[Site "https://www.chess.com"]

[Event "Titled Tuesday Blitz April 25 Early 2023"]
[White "Koutsin, Sergey"]
[Black "Panesso Rivera, Henry"]
[WhiteFideId "14101483"]
[BlackFideId "4402707"]
[WhiteElo "2381"]
[BlackElo "2345"]
[Result "1-0"]
[Round "08"]
[TimeControl "180+2"]
[Date "2023.04.25"]
[WhiteClock "0:00:10"]
[BlackClock "0:00:39"]

1. d4 Nf6 2. c4 d6 3. Nf3 Nbd7 4. Nc3 e5 5. e4 Be7 6. Be2 O-O 7. O-O Re8 8. Be3 c6 9. d5 cxd5 10. cxd5 a6 11. Nd2 b5 12. b4 Nb6 13. a4 Nxa4 14. Nxa4 bxa4 15. Qxa4 Bd7 16. Qa5 Bb5 17. Bb6 Qd7 18. Bxb5 Qxb5 19. Qxb5 axb5 20. f3 Rab8 21. Bc7 Rb7 22. Rfc1 h5 23. Rc6 h4 24. Nb3 h3 25. Bxd6 hxg2 26. Nc5 Bxd6 27. Nxb7 Bxb4 28. d6 Re6 29. Rc8+ Kh7 30. Rd1 Nh5 31. Kxg2 Nf4+ 32. Kh1 Rg6 33. d7 Nh3 34. Rc2 Be7 35. Rg2 b4 36. d8=Q Bxd8 37. Nxd8 Rb6 38. Rb1 Nf4 39. Rgb2 Nd3 40. Rb3 Rd6 41. Kg1 Rg6+ 42. Kf1 Nf4 43. Nxf7 Rg2 44. Nxe5 Rxh2 45. Ng4 Rc2 46. Nf2 Ne6 47. Rxb4 Ng5 48. R4b3 Ne6 49. Rd1 Nf4 50. Re1 Kg6 51. e5 Kf7 52. Rb7+ Ke6 53. Rb6+ Kf5 54. e6 Rc8 55. e7 Re8 56. Rb4 Ne6 57. Rbe4 Rxe7 58. Re5+ Kf6 59. Ng4+ Kf7 60. Kf2 Re8 61. R1e2 Re7 62. f4 g6 63. Kg3 Re8 64. Nf2 Re7 65. Nd3 Rd7 66. Rxe6 Rxd3+ 67. R2e3 Rd7 68. Kg4 Rc7 69. Kg5 Rc5+ 70. R3e5 Rc1 71. Rf6+ Kg8 72. Rxg6+ Kf7 73. Kf5 Rc7 74. Rf6+ Kg7 75. Ree6 Rc5+ 76. Re5 Rc7 77. Rfe6 Rc2 78. Re7+ Kf8 79. Ra7 Rh2 80. Re6 Rh5+ 81. Ke4 Rh1 82. Rb6 Re1+ 83. Kf5 Re8 84. Kf6 1-0


[Site "https://www.chess.com"]

[Event "Titled Tuesday Blitz April 25 Early 2023"]
[White "Berezin, Viktor"]
[Black "Gatterer, Florian"]
[WhiteFideId "14107872"]
[BlackFideId "811688"]
[WhiteElo "2310"]
[BlackElo "2221"]
[Result "1/2-1/2"]
[Round "08"]
[TimeControl "180+2"]
[Date "2023.04.25"]
[WhiteClock "0:00:51"]
[BlackClock "0:00:10"]

1. d4 Nf6 2. Nf3 g6 3. Bf4 d5 4. h3 Bg7 5. e3 O-O 6. c4 dxc4 7. Bxc4 c5 8. O-O Nc6 9. dxc5 Qa5 10. Nc3 Qxc5 11. Qe2 Na5 12. Bd3 Bf5 13. Rac1 Bxd3 14. Qxd3 Rfd8 15. Qe2 Qc4 16. Qxc4 Nxc4 17. b3 Nd2 18. Rfd1 Nxf3+ 19. gxf3 Rac8 20. Rxd8+ Rxd8 21. Nb5 a6 22. Nc7 Rc8 23. Rc4 Nh5 24. Bh2 e5 25. Kf1 f6 26. Ke2 Kf7 27. Nd5 Rxc4 28. bxc4 Bf8 29. Kd3 Ke6 30. f4 exf4 31. Nxf4+ Nxf4+ 32. Bxf4 Bc5 33. a4 g5 34. Bg3 h5 35. f4 g4 36. hxg4 hxg4 37. e4 f5 38. e5 Bb6 39. Be1 Bc5 40. Ke2 Kd7 41. Kd3 Ke6 42. a5 Kd7 43. Bh4 Ke6 44. Be1 Kd7 45. Ke2 Ke6 46. Kd3 1/2-1/2


[Site "https://www.chess.com"]

[Event "Titled Tuesday Blitz April 25 Early 2023"]
[White "Bas Mas, Jose Joaquin"]
[Black "wqws"]
[WhiteFideId "22219064"]
[WhiteElo "2233"]
[BlackElo "2587"]
[Result "1-0"]
[Round "08"]
[TimeControl "180+2"]
[Date "2023.04.25"]
[WhiteClock "0:00:07"]
[BlackClock "0:00:12"]

1. e4 c5 2. Nc3 d6 3. f4 Nc6 4. Nf3 g6 5. Bb5 Bg7 6. O-O Bd7 7. Bxc6 Bxc6 8. d3 Nf6 9. e5 Nd5 10. Ne4 O-O 11. c4 Nc7 12. Qe2 f5 13. exf6 exf6 14. f5 g5 15. h3 Qd7 16. Nh2 Rae8 17. Qg4 d5 18. Nxc5 Qe7 19. Nb3 dxc4 20. dxc4 Qe2 21. Bd2 Qd3 22. Rae1 Rd8 23. Bb4 Rfe8 24. Be7 Rc8 25. h4 h5 26. Qxh5 Qg3 27. Qg4 Qxh4 28. Qxh4 gxh4 29. Ng4 Kf7 30. Bd6 Na6 31. Nd4 Rcd8 32. Nxc6 bxc6 33. c5 Bf8 34. Bxf8 Rxf8 35. Re6 Nxc5 36. Rxf6+ Kg7 37. Rxc6 Ne4 38. Rg6+ Kh7 39. Kh2 Rxf5 40. Rh6+ Kg7 41. Rxf5 Rd1 42. Re5 Nf2 43. Re7+ Kf8 44. Nxf2 Kxe7 45. Rxh4 1-0


[Site "https://www.chess.com"]

[Event "Titled Tuesday Blitz April 25 Early 2023"]
[White "Pourkashiyan, Atousa"]
[Black "Melikyan, Gnel"]
[WhiteFideId "12502014"]
[BlackFideId "54109990"]
[WhiteElo "2228"]
[BlackElo "2138"]
[Result "1-0"]
[Round "08"]
[TimeControl "180+2"]
[Date "2023.04.25"]
[WhiteClock "0:00:29"]
[BlackClock "0:01:44"]

1. e4 c5 2. Nf3 Nc6 3. d4 cxd4 4. Nxd4 e5 5. Nb5 Nf6 6. Nd6+ Bxd6 7. Qxd6 Nxe4 8. Qd1 d5 9. Nc3 Nxc3 10. bxc3 Be6 11. Be2 O-O 12. O-O Rc8 13. Rb1 b6 14. f4 exf4 15. Bxf4 Re8 16. Bd3 h6 17. Qh5 Qf6 18. Rbe1 Qxc3 19. Bxh6 gxh6 20. Rxe6 Qd4+ 21. Kh1 Qg7 22. Rxh6 Re5 23. Qh3 Rg5 24. Qxc8+ 1-0


[Site "https://www.chess.com"]

[Event "Titled Tuesday Blitz April 25 Early 2023"]
[White "Alexikov, Alexander"]
[Black "Akash G"]
[WhiteFideId "14103958"]
[BlackFideId "5040299"]
[WhiteElo "2186"]
[BlackElo "2395"]
[Result "0-1"]
[Round "08"]
[TimeControl "180+2"]
[Date "2023.04.25"]
[WhiteClock "0:01:49"]
[BlackClock "0:00:28"]

1. e4 c6 2. d3 d5 3. Nd2 dxe4 4. Nxe4 Nf6 5. Be2 Nxe4 6. dxe4 Qxd1+ 7. Bxd1 Nd7 8. c3 e5 9. Nf3 f6 10. Be3 Bc5 11. Ke2 Bxe3 12. Kxe3 Nc5 13. Bc2 Ke7 14. b4 Ne6 15. g3 Nc7 16. a4 Be6 17. Nd2 Rhd8 18. Rhd1 Rd7 19. Nb3 Rxd1 20. Rxd1 Bxb3 21. Bxb3 Rd8 22. Rc1 Ne6 23. f4 Nc7 24. Bc4 Rd6 25. f5 Rd7 26. g4 Ne8 27. h4 Nd6 28. Bd3 Rc7 29. c4 c5 30. b5 b6 31. a5 Nb7 32. axb6 axb6 33. Ra1 Na5 34. Kd2 Nb3+ 35. Kc3 Nxa1 36. Kb2 Ra7 37. Be2 Ra4 38. Bd3 Kd6 39. Be2 g6 40. Bd1 Ra5 41. Be2 gxf5 42. gxf5 Ke7 43. h5 Kf8 44. h6 Ke7 45. Bd3 Ra7 46. Be2 Ra8 47. Bf3 Kd6 48. Bh5 Rg8 49. Kxa1 Rg2 50. Bg6 Rh2 51. Bxh7 Rxh6 52. Bg8 Rh4 53. Bd5 Rh2 54. Kb1 Ke7 55. Kc1 Kf8 56. Kd1 Kg7 57. Ke1 Rb2 58. Kd1 Kh6 59. Kc1 Rh2 60. Kd1 Kg5 61. Ke1 Kf4 62. Kf1 Ke3 63. Kg1 Rb2 64. Kf1 Rc2 65. Kg1 Kd3 66. Kf1 Rxc4 0-1


[Site "https://www.chess.com"]

[Event "Titled Tuesday Blitz April 25 Early 2023"]
[White "Moksh Amit Doshi"]
[Black "Topalov, Aleksandar"]
[WhiteFideId "25064967"]
[BlackFideId "925659"]
[WhiteElo "2297"]
[BlackElo "2151"]
[Result "0-1"]
[Round "08"]
[TimeControl "180+2"]
[Date "2023.04.25"]
[WhiteClock "0:02:15"]
[BlackClock "0:02:00"]

1. e4 e6 2. d4 d5 3. exd5 exd5 4. Nf3 Bd6 5. Nc3 Ne7 6. Nb5 c6 7. Nxd6+ Qxd6 8. Bd3 h6 9. O-O O-O 10. Re1 Bf5 11. Bf1 Nd7 12. g3 Ng6 13. c3 Rfe8 14. Be3 Nf6 15. Qb3 b5 16. Bg2 Ne4 17. a4 a6 18. h4 Nxg3 19. fxg3 Qxg3 20. Bf2 Qg4 21. axb5 Nf4 0-1


[Site "https://www.chess.com"]

[Event "Titled Tuesday Blitz April 25 Early 2023"]
[White "Liu, Casper"]
[Black "Risteski, Emil"]
[WhiteFideId "1454153"]
[BlackFideId "15005267"]
[WhiteElo "2221"]
[BlackElo "2251"]
[Result "1-0"]
[Round "08"]
[TimeControl "180+2"]
[Date "2023.04.25"]
[WhiteClock "0:02:28"]
[BlackClock "0:02:19"]

1. e4 e5 2. Nf3 Nc6 3. Bc4 Nf6 4. d4 Nxe4 5. dxe5 Nc5 6. O-O Be7 7. Nc3 O-O 8. Nd5 Ne6 9. Re1 d6 10. Nxe7+ Nxe7 11. exd6 cxd6 12. Ng5 d5 13. Bd3 Ng6 14. Qh5 Nxg5 15. Bxg5 Qd6 16. Be7 1-0


[Site "https://www.chess.com"]

[Event "Titled Tuesday Blitz April 25 Early 2023"]
[White "Shvedova, Alexandra"]
[Black "Mouhamad, Joachim"]
[WhiteFideId "54154782"]
[BlackFideId "656410"]
[WhiteElo "2057"]
[BlackElo "2125"]
[Result "0-1"]
[Round "08"]
[TimeControl "180+2"]
[Date "2023.04.25"]
[WhiteClock "0:00:13"]
[BlackClock "0:00:32"]

1. d4 d5 2. c4 e6 3. Nf3 a6 4. cxd5 exd5 5. Nc3 Nf6 6. Bg5 Be6 7. Qb3 Ra7 8. e3 c6 9. Bd3 Nbd7 10. O-O Be7 11. Qc2 O-O 12. Rab1 a5 13. a3 g6 14. Rfe1 Bg4 15. Nd2 Ra8 16. f3 Be6 17. b4 axb4 18. axb4 b6 19. e4 c5 20. exd5 Nxd5 21. Bxe7 Nxe7 22. Nb5 Ra2 23. Rb2 Rxb2 24. Qxb2 Nd5 25. bxc5 bxc5 26. dxc5 Nxc5 27. Bc4 Nf4 28. Bxe6 Nfxe6 29. Rb1 Qd3 30. Nf1 Rb8 31. Qb4 h5 32. Nd2 Rxb5 33. Qxb5 Qxd2 34. Qb8+ Kh7 35. Qe5 Qd4+ 36. Qxd4 Nxd4 37. Rd1 Nce6 38. Kf2 g5 39. g3 Kg6 40. Rd2 g4 41. fxg4 hxg4 42. Rd3 f5 43. Rd2 Nf3 44. Rd6 Kf7 45. h3 Nfg5 46. Rd5 Nxh3+ 47. Ke3 Kf6 48. Ra5 Nhg5 49. Ra6 Nf7 50. Rb6 Ne5 51. Kf2 Nf7 52. Ra6 Ng5 53. Rb6 Ne4+ 54. Kg2 Ke5 55. Rb5+ N6c5 56. Rb8 Kd4 57. Rd8+ Ke5 58. Re8+ Ne6 59. Ra8 Kf6 60. Ra5 Ng7 61. Ra6+ Kg5 62. Ra7 Nh5 63. Ra6 Nhxg3 64. Ra5 Kf4 65. Ra4 Nh5 66. Rb4 Kg5 67. Rb8 Nhf6 68. Ra8 f4 69. Ra5+ Kh4 70. Ra8 f3+ 71. Kg1 g3 72. Kf1 Kg4 73. Kg1 Kf4 74. Rf8 Ke3 75. Kf1 g2+ 76. Kg1 Ke2 0-1


[Site "https://www.chess.com"]

[Event "Titled Tuesday Blitz April 25 Early 2023"]
[White "Sonnenschein, Philipp"]
[Black "BenchGM"]
[WhiteFideId "16250877"]
[WhiteElo "2224"]
[BlackElo "2389"]
[Result "0-1"]
[Round "08"]
[TimeControl "180+2"]
[Date "2023.04.25"]
[WhiteClock "0:00:23"]
[BlackClock "0:00:06"]

1. e4 e6 2. d4 d5 3. Nd2 Nf6 4. e5 Nfd7 5. c3 c5 6. f4 Nc6 7. Bd3 cxd4 8. cxd4 Nxd4 9. Ngf3 Nxf3+ 10. Nxf3 f6 11. exf6 Nxf6 12. Be3 Bb4+ 13. Kf1 O-O 14. a3 Bd6 15. g3 Ne4 16. Kg2 Qf6 17. Bd4 Qh6 18. Ne5 Rxf4 19. gxf4 Qxf4 20. Rf1 Qg5+ 21. Qg4 Qd2+ 22. Qe2 Qg5+ 23. Ng4 e5 24. Bxe4 Bxg4 25. Bxd5+ Be6+ 26. Kf2 Bxd5 27. Be3 Qh4+ 28. Kg1 Qe4 29. Rfd1 Qh1+ 30. Kf2 Rf8+ 31. Kg3 e4+ 32. Kh3 Rf3+ 33. Kh4 Be7+ 34. Bg5 Bxg5+ 35. Kxg5 h6+ 36. Kh4 g5+ 37. Kg4 Be6+ 38. Kh5 Kg7 39. Rxh1 Rh3# 0-1


[Site "https://www.chess.com"]

[Event "Titled Tuesday Blitz April 25 Early 2023"]
[White "Karthik Sai Ch"]
[Black "Dushyant Sharma"]
[WhiteFideId "46649484"]
[BlackFideId "25065130"]
[WhiteElo "2003"]
[BlackElo "2198"]
[Result "0-1"]
[Round "08"]
[TimeControl "180+2"]
[Date "2023.04.25"]
[WhiteClock "0:01:08"]
[BlackClock "0:01:00"]

1. d4 d5 2. Nf3 e6 3. e3 f5 4. c4 c6 5. Nc3 Nf6 6. g3 Bd6 7. Bg2 O-O 8. O-O Nbd7 9. b3 b6 10. Bb2 Bb7 11. Rc1 Rc8 12. Ne2 Ne4 13. Ne5 Nxe5 14. dxe5 Bb8 15. Nf4 Qe7 16. f3 Nc5 17. Ba3 Bxe5 18. Nd3 Bd6 19. b4 Nxd3 20. Qxd3 Bxb4 21. Bb2 Ba6 22. Qd4 Bxc4 23. Rfd1 Rce8 24. f4 Bc5 25. Qd2 Bd6 26. Rxc4 dxc4 27. Qxd6 Qxd6 28. Rxd6 Rd8 29. Rxc6 b5 30. Bd4 Rc8 31. Bc3 Rfd8 32. Rxc8 Rxc8 33. Bb7 Rc7 34. Ba6 b4 35. Bxb4 c3 36. Ba3 c2 37. Bc1 Rd7 38. Be2 Rd1+ 0-1


[Site "https://www.chess.com"]

[Event "Titled Tuesday Blitz April 25 Early 2023"]
[White "Gutkin, Ilya"]
[Black "Sadovsky, Artem"]
[WhiteFideId "16203470"]
[BlackFideId "4155840"]
[WhiteElo "2265"]
[BlackElo "2314"]
[Result "0-1"]
[Round "08"]
[TimeControl "180+2"]
[Date "2023.04.25"]
[WhiteClock "0:00:01"]
[BlackClock "0:00:31"]

1. e4 g6 2. d4 Bg7 3. Nf3 c6 4. Nc3 d5 5. Bg5 dxe4 6. Nxe4 Bg4 7. Be2 Bxf3 8. Bxf3 Qxd4 9. Qe2 Qxb2 10. O-O Qa3 11. Rad1 Be5 12. Nd2 Qc5 13. Nb3 Bxh2+ 14. Kxh2 Qxg5 15. Rfe1 Nh6 16. Kg1 Nf5 17. Be4 O-O 18. Bxf5 Qxf5 19. Qxe7 Na6 20. Qxb7 Qb5 21. Qd7 Nb4 22. c3 Nxa2 23. Nd4 Qd5 24. Nxc6 Qxd7 25. Rxd7 Nxc3 26. Rxa7 Rxa7 27. Nxa7 Ra8 28. Nc6 Ra2 29. g3 Ne2+ 30. Kg2 Rc2 31. Ne5 Kg7 32. Nd3 Nc3 33. Nf4 h5 34. Re7 Kf8 35. Re3 Nd1 36. Rf3 Kg7 37. Nd3 Rd2 38. Nf4 Kh6 39. Nh3 Kg7 40. Ng5 f5 0-1


[Site "https://www.chess.com"]

[Event "Titled Tuesday Blitz April 25 Early 2023"]
[White "Escanor89"]
[Black "Pandey Srishti"]
[BlackFideId "35093290"]
[WhiteElo "2501"]
[BlackElo "2083"]
[Result "1-0"]
[Round "08"]
[TimeControl "180+2"]
[Date "2023.04.25"]
[WhiteClock "0:00:16"]
[BlackClock "0:01:20"]

1. e4 e6 2. d4 d5 3. Nd2 c5 4. Ngf3 cxd4 5. Nxd4 Nc6 6. Bb5 Bd7 7. Nxc6 bxc6 8. Bd3 Ne7 9. O-O Ng6 10. Nf3 Bd6 11. Re1 Qc7 12. h4 O-O 13. Qe2 Nf4 14. Bxf4 Bxf4 15. g3 Bh6 16. e5 f5 17. exf6 Rxf6 18. Ne5 Raf8 19. Ng4 Rxf2 20. Nxh6+ gxh6 21. Qxf2 Rxf2 22. Kxf2 Qb6+ 23. Kg2 Qxb2 24. Rab1 Qc3 25. Rf1 Qe5 26. Rb7 Bc8 27. Rxa7 Qb8 28. Rff7 e5 29. Bxh7+ Kh8 30. Bg6 Be6 31. Rh7+ Kg8 32. Rhe7 Kf8 33. Rab7 Qc8 34. Rbc7 Qd8 35. Re8+ Qxe8 36. Bxe8 Kxe8 37. Rxc6 Kd7 38. Ra6 d4 39. Kf2 h5 40. a3 e4 41. Ra4 d3 42. cxd3 exd3 43. Rd4+ Kc6 44. Rxd3 Kc5 45. Re3 Bg4 46. Re5+ Kc4 47. Rg5 Bd1 48. Ke3 Kb3 49. Kf4 Kxa3 50. Rd5 Bg4 51. Kg5 Kb4 52. Rd4+ Kc3 53. Rxg4 hxg4 54. h5 1-0


[Site "https://www.chess.com"]

[Event "Titled Tuesday Blitz April 25 Early 2023"]
[White "Begunov, Konstantin"]
[Black "Allahverdiyeva, Ayan"]
[WhiteFideId "4118510"]
[BlackFideId "13412590"]
[WhiteElo "2087"]
[BlackElo "1980"]
[Result "1-0"]
[Round "08"]
[TimeControl "180+2"]
[Date "2023.04.25"]
[WhiteClock "0:00:10"]
[BlackClock "0:00:01"]

1. d4 Nf6 2. c4 e6 3. Nf3 b6 4. g3 Ba6 5. Qa4 c5 6. Bg2 Bb7 7. dxc5 bxc5 8. Nc3 Be7 9. O-O O-O 10. Rd1 Qb6 11. Bf4 d6 12. Qb5 Rd8 13. Rd2 Bc6 14. Qxb6 axb6 15. Rad1 Ne8 16. a3 Na6 17. e4 e5 18. Be3 Nec7 19. Bh3 Ne6 20. Bxe6 fxe6 21. Bg5 Bxg5 22. Nxg5 d5 23. Nxe6 d4 24. Nxd8 Rxd8 25. Nd5 Rb8 26. f4 Bxd5 27. cxd5 Re8 28. Re1 Nb8 29. fxe5 Rxe5 30. b4 Nd7 31. bxc5 bxc5 32. Rb2 Kf7 33. Rb7 Ke7 34. a4 c4 35. a5 d3 36. Rc7 d2 37. Rd1 Rxe4 38. Rxd2 Kd6 39. Rc6+ Ke5 40. Re6+ Kf5 41. Rf2+ Kg5 42. Rxe4 1-0


[Site "https://www.chess.com"]

[Event "Titled Tuesday Blitz April 25 Early 2023"]
[White "Silvestre, Christian"]
[Black "Ljukin, Sergei"]
[WhiteFideId "30956269"]
[BlackFideId "14102200"]
[WhiteElo "2359"]
[BlackElo "2312"]
[Result "0-1"]
[Round "08"]
[TimeControl "180+2"]
[Date "2023.04.25"]
[WhiteClock "0:00:23"]
[BlackClock "0:00:12"]

1. Nf3 d5 2. e4 e6 3. Nc3 Nf6 4. exd5 exd5 5. d4 Bb4 6. Bd2 O-O 7. Be2 Bf5 8. O-O c6 9. Nb1 Bd6 10. Ne5 Qc7 11. f4 Ne4 12. Nc3 f6 13. Nd3 Re8 14. Kh1 Qb6 15. Nxe4 dxe4 16. Nc5 Bxc5 17. dxc5 Qxc5 18. Bc3 Na6 19. Bxa6 bxa6 20. Bd4 Qb5 21. a4 Qb4 22. Bc3 Qe7 23. Re1 e3 24. Qe2 Rad8 25. Qxa6 Qe4 26. Qf1 e2 27. Qf2 Qxc2 28. Qxa7 Rd1 29. Qf2 Bd3 30. a5 Ba6 31. h3 h6 32. Kh2 Red8 33. Qb6 Rxa1 34. Rxa1 Rd1 35. Ra3 Bd3 36. a6 Be4 37. Qf2 c5 38. a7 Ba8 39. Qxc5 e1=Q 40. Qc8+ Kh7 41. Qxa8 Qg1+ 42. Kg3 Rd3+ 43. Kh4 Qcxg2 44. Qxg2 Qxg2 45. a8=Q Qxh3# 0-1


[Site "https://www.chess.com"]

[Event "Titled Tuesday Blitz April 25 Early 2023"]
[White "Khoder, Akram"]
[Black "Lopez Del Alamo, Antonio"]
[WhiteFideId "5306914"]
[BlackFideId "2227339"]
[WhiteElo "2034"]
[BlackElo "2175"]
[Result "0-1"]
[Round "08"]
[TimeControl "180+2"]
[Date "2023.04.25"]
[WhiteClock "0:00:41"]
[BlackClock "0:00:41"]

1. d4 Nf6 2. c4 g6 3. g3 Bg7 4. Bg2 O-O 5. Nc3 d6 6. Nf3 Bf5 7. O-O Ne4 8. Nd5 c6 9. Ne3 Be6 10. b3 f5 11. Bb2 d5 12. Qd3 Nd7 13. Rac1 Nb6 14. Rfd1 f4 15. Nf1 Bf5 16. Nh4 Nxf2 17. Qd2 Nxd1 18. Nxf5 Rxf5 19. Qxd1 e6 20. Bh3 Rf8 21. Bxe6+ Kh8 22. Bg4 Bh6 23. Rc3 Qe7 24. Rd3 Rae8 25. a4 Bg7 26. c5 Nd7 27. Bc1 fxg3 28. Nxg3 Nf6 29. Bg5 Qc7 30. Qc1 Nxg4 0-1


[Site "https://www.chess.com"]

[Event "Titled Tuesday Blitz April 25 Early 2023"]
[White "Manukian, Artak"]
[Black "Fernandez Garcia, Gumersindo"]
[WhiteFideId "13301373"]
[BlackFideId "24516740"]
[WhiteElo "2130"]
[BlackElo "2093"]
[Result "1-0"]
[Round "08"]
[TimeControl "180+2"]
[Date "2023.04.25"]
[WhiteClock "0:02:35"]
[BlackClock "0:01:23"]

1. e4 c5 2. Nf3 e6 3. c3 d5 4. e5 d4 5. cxd4 cxd4 6. Bb5+ Bd7 7. Nxd4 Bc5 8. Bxd7+ Nxd7 9. Nb3 Qg5 10. O-O Qxe5 11. d4 Bxd4 12. Qxd4 Ngf6 13. Nc3 O-O 14. Qxe5 Nxe5 15. Bg5 Nfd7 16. Rad1 Rfc8 17. f4 Nc4 18. Rxd7 Nxb2 19. Ne4 f6 20. Bxf6 gxf6 21. Nxf6+ Kf8 22. Nxh7+ Ke8 23. Nf6+ Kf8 24. Nd4 1-0


[Site "https://www.chess.com"]